 Dungeon Sprint DCSS version 0.20.1-1-g8b1a95d (webtiles) character file.

3284 equalderp2856 the Cleaver (level 9, -4/93 HPs)
             Began as a Minotaur Fighter on Oct 11, 2017.
             Was an Initiate of Gozag.
             Slain by Sonja
             ... wielding a +1 short sword of distortion
              (5 damage)
             ... in the Dungeon (Sprint I: "Red Sonja").
             The game lasted 00:03:00 (2027 turns).

equalderp2856 the Cleaver (Minotaur Fighter)        Turns: 2027, Time: 00:03:01

Health: -4/93      AC: 12    Str: 22    XL:     9   Next: 69%
Magic:  8/8        EV:  9    Int:  6    God:    Gozag
Gold:   1259       SH: 13    Dex: 11    Spells: 8/8 levels left

rFire    . . .     SeeInvis .   a - +0 war axe
rCold    . . .     Gourm    .   c - +0 shield
rNeg     . . .     Faith    .   p - +0 chain mail
rPois    .         Spirit   .   (helmet restricted)
rElec    .         Reflect  .   (no cloak)
rCorr    .         Harm     .   (no gloves)
MR       .....     NoTele   +   (no boots)
Stlth    ..........             (no amulet)
Regen    0.3/turn               (no ring)
MPRegen  0.2/turn               (no ring)

@: hasted, very quick
A: retaliatory headbutt, horns 2
a: Potion Petition, Call Merchant, Bribe Branch, Renounce Religion


You were in the Dungeon.
You worshipped Gozag.
Gozag was most pleased with you.
You were not hungry.

You visited 1 branch You collected 1304 gold pieces.
You spent 45 gold pieces at shops.

Inventory:

Hand Weapons
 a - a +0 war axe (weapon)
Armour
 b - a +0 scale mail
 c - a +0 shield (worn)
 p - a +0 chain mail (worn)
Wands
 l - a wand of polymorph (18/24)
Scrolls
 g - a scroll of immolation {unknown}
 j - a scroll of magic mapping {unknown}
 k - a scroll of blinking
 m - a scroll of enchant weapon {unknown}
 o - a scroll of fog {unknown}
Potions
 d - a potion of might
 e - a potion of curing
 i - 2 potions of magic
Comestibles
 n - a meat ration


   Skills:
 + Level 13.2 Fighting
 + Level 14.0 Axes
 + Level 12.8 Armour
 + Level 3.9 Dodging
 + Level 3.3 Stealth
 + Level 12.6 Shields


You had 8 spell levels left.
You didn't know any spells.

Dungeon Overview and Level Annotations

Branches:
Dungeon (1/1)

Altars:
Cheibriados
Dithmenos
Elyvilon
Fedhas
Gozag
Hepliaklqana
Kikubaaqudgha
Makhleb
Nemelex Xobeh
Okawaru
Qazlal
Ru
Sif Muna
Trog
Uskayaw
Vehumet
Xom
Yredelemnul
Zin
The Shining One
Jiyva
Lugonu

Shops:
D ([

Annotations:
D Sonja


Innate Abilities, Weirdness & Mutations

You reflexively headbutt those who attack you in melee.
You have a pair of horns on your head.


Message History

Unknown command.
Press < or > to pray at altars.
You completely miss Sonja. Sonja hits you but does no damage.
You feel a strange sense of stasis. You block Sonja's attack.
Sonja hits you but does no damage. Space bends around you.
* * * LOW HITPOINT WARNING * * *
Unknown command.
Press < or > to pray at altars.
You closely miss Sonja. Your headbutt misses Sonja.
Sonja hits you with an uncursed short sword of distortion.
* * * LOW HITPOINT WARNING * * *
Space bends around you.
* * * LOW HITPOINT WARNING * * *
Sonja hits you with an uncursed short sword of distortion.
* * * LOW HITPOINT WARNING * * *
Space warps horribly around you!
* * * LOW HITPOINT WARNING * * *
Sonja hits you but does no damage. Space bends around you.
You die...
Your body crumbles into a pile of gold.

###################
#<.#..').#..'..#__#$$
#..').#..').#..'..+$$
#..#####+#####'#__####
#..### $$#...#.####§§####
#..#__####..##(#§≈§.§#..#
#..#_____##'#..§§§§§.'..#
#⌠⌠#_.∩...'K.._#≈§§§§#..#
####_..__##@.#'##'#####'###
$$#_____###(#.#§)).###.'.#
####### #.####'###.###.#
$.$+.....'.∩##§#
#$.$###########§# ##.## #.#
$#+#$ +§# $ $ $ #§#$ $ $$
#§#


You could see Sonja.

Vanquished Creatures
  2 centaur warriors (D)
  A deep troll (D)
  An oklob plant (D)
  A hornet (D)
  A slime creature (D)
  Sigmund (D)
  A yak (D)
  2 redbacks (D)
  An ogre (D)
  A jelly (D)
  Ijyb (D)
13 creatures vanquished.

Vanquished Creatures (others)
  A gargoyle (D)
1 creature vanquished.

Grand Total: 14 creatures vanquished

Notes
Turn   | Place    | Note
-------+----------+-------------------------------------------
     0 | D        | equalderp2856 the Minotaur Fighter began the quest for the Orb.
     0 | D        | Reached XP level 1. HP: 19/19 MP: 0/0
     2 | D        | Noticed Ijyb
     8 | D        | Killed Ijyb
     8 | D        | Reached skill level 5 in Fighting
     8 | D        | Reached skill level 5 in Armour
     8 | D        | Reached skill level 5 in Shields
     8 | D        | Reached XP level 2. HP: 23/29 MP: 1/1
    68 | D        | Noticed an ogre
    75 | D        | Killed an ogre
    75 | D        | Reached skill level 4 in Axes
    75 | D        | Reached XP level 3. HP: 20/39 MP: 2/2
    75 | D        | Reached XP level 4. HP: 24/47 MP: 3/3
   225 | D        | Noticed Sigmund
   231 | D        | Killed Sigmund
   231 | D        | Reached skill level 6 in Axes
   231 | D        | Reached XP level 5. HP: 53/57 MP: 4/4
   231 | D        | Reached XP level 6. HP: 58/63 MP: 5/5
   267 | D        | Found a deep blue altar of Sif Muna.
   269 | D        | Found a radiant altar of Vehumet.
   313 | D        | Found Yde Usog's Antique Weapon Emporium.
   313 | D        | Found an ancient bone altar of Kikubaaqudgha.
   313 | D        | Found a hazy altar of Hepliaklqana.
   313 | D        | Found a stormy altar of Qazlal.
   313 | D        | Found a hide-covered altar of Uskayaw.
   313 | D        | Found a blossoming altar of Fedhas.
   313 | D        | Found a bloodstained altar of Trog.
   313 | D        | Found an iron altar of Okawaru.
   313 | D        | Found a basalt altar of Yredelemnul.
   313 | D        | Found a glowing golden altar of the Shining One.
   313 | D        | Found a snail-covered altar of Cheibriados.
   313 | D        | Found a sacrificial altar of Ru.
   313 | D        | Found a glowing silver altar of Zin.
   313 | D        | Found a shadowy altar of Dithmenos.
   313 | D        | Found a white marble altar of Elyvilon.
   313 | D        | Noticed a yak
   320 | D        | Killed a yak
   320 | D        | Reached skill level 10 in Fighting
   320 | D        | Reached skill level 7 in Axes
   321 | D        | Found an opulent altar of Gozag.
   322 | D        | Found a sparkling altar of Nemelex Xobeh.
   452 | D        | Became a worshipper of Gozag Ym Sagoz the Greedy
   492 | D        | Found a burning altar of Makhleb.
   492 | D        | Found a viscous altar of Jiyva.
   492 | D        | Found a shimmering altar of Xom.
   492 | D        | Found a corrupted altar of Lugonu.
   492 | D        | Noticed a slime creature
   498 | D        | Killed a slime creature
   498 | D        | Reached skill level 8 in Axes
   498 | D        | Reached skill level 10 in Armour
   498 | D        | Reached skill level 1 in Stealth
   498 | D        | Reached skill level 10 in Shields
   498 | D        | Reached XP level 7. HP: 55/73 MP: 6/6
   590 | D        | Noticed a centaur warrior
   590 | D        | Noticed a centaur warrior
   603 | D        | Noticed a deep troll
   615 | D        | HP: 4/109 [deep troll (10)]
   616 | D        | Killed a deep troll
   616 | D        | Reached skill level 10 in Axes
   616 | D        | Reached XP level 8. HP: 4/82 MP: 7/7
   975 | D        | Killed a centaur warrior
   975 | D        | Reached skill level 11 in Axes
   981 | D        | Killed a centaur warrior
   981 | D        | Reached skill level 12 in Axes
   981 | D        | Reached XP level 9. HP: 55/92 MP: 8/8
  1132 | D        | Paralysed by a hornet for 3 turns
  1136 | D        | Reached skill level 13 in Axes
  1279 | D        | Noticed an oklob plant
  1294 | D        | Found Esmaiss's Armour Emporium.
  1302 | D        | Bought a +0 chain mail for 45 gold pieces
  1323 | D        | Killed a gargoyle
  1372 | D        | Killed an oklob plant
  1697 | D        | Reached skill level 14 in Axes
  2020 | D        | Noticed Sonja
  2027 | D        | HP: 1/93 [Sonja/uncursed short sword of distortion (16)]
  2027 | D        | Slain by Sonja

Skill      XL: |  1  2  3  4  5  6  7  8  9 |
---------------+----------------------------+-----
Fighting       | 5 7 9 10 11 12 13 | 13.2
Armour         | 5 6 8 10 11 12 | 12.8
Shields        | 5 6 8 10 11 12 | 12.6
Axes           | 4 6 8 10 12 14 | 14.0
Stealth        | 1 2 3 |  3.3
Dodging        | 2 3 |  3.9

Action                   |  1- 3 |  4- 6 |  7- 9 || total
-------------------------+-------+-------+-------++-------
Melee: War axe           |    11 |    17 |    54 ||    82
       Headbutt          |     3 |     6 |    21 ||    30
  Use: Potion            |       |       |     3 ||     3
  Eat: Bread ration      |       |       |     1 ||     1
Armor: Scale mail        |     3 |     5 |    16 ||    24
       Chain mail        |       |       |    13 ||    13
Dodge: Dodged            |     1 |     2 |    20 ||    23
Block: Shield            |     4 |     5 |    37 ||    46
